 Dungeon Crawl Stone Soup version 0.31-a0-963-ga325b2283a (webtiles) character file.

Game seed: 2076277182749245767

399 Shayle the Trooper (level 6, -1/66 HPs)
             Began as an Ogre Hexslinger on Oct 25, 2023.
             Slain by a gnoll
             ... wielding a +0 halberd
              (11 damage)
             ... on level 4 of the Dungeon.
             The game lasted 00:09:40 (3724 turns).

Shayle the Trooper (Ogre Hexslinger)                Turns: 3724, Time: 00:09:41

Health: -1/66      AC:  4    Str: 13    XL:     6   Next: 84%
Magic:  5/7        EV: 10    Int: 16    God:
Gold:   218        SH:  0    Dex: 11    Spells: 2/7 levels left

rFire   . . .        a - +2 sling (heavy)
rCold   . . .        (no shield)
rNeg    . . .        c - +0 robe
rPois   .            (helmet restricted)
rElec   .            v - +0 cloak
rCorr   .            (gloves unavailable)
SInv    .            (boots unavailable)
Will    .....        (no amulet)
Stlth   +            (no ring)
HPRegen 0.31/turn    (no ring)
MPRegen 0.10/turn

%: no passive effects
@: weak-willed, jinxed
A: large, unfitting armour, tough skin 1
a: no special abilities


You were on level 4 of the Dungeon.
You visited 1 branch of the dungeon, and saw 5 of its levels.

You collected 218 gold pieces.

Inventory:

Hand Weapons
 a - a +2 heavy sling (weapon)
 r - a +2 flail of protection
Armour
 c - a +0 robe (worn)
 v - a +0 cloak (worn)
Wands
 o - a wand of flame (7)
 t - a wand of charming (13)
Scrolls
 b - 3 scrolls of poison
 f - a scroll of fog
 h - 2 scrolls of vulnerability
 j - a scroll of revelation
 m - a scroll of blinking
 n - a scroll of fear {unknown}
Potions
 d - a potion of berserk rage {unknown}
 e - a potion of heal wounds {unknown}
 g - 2 potions of brilliance
 i - a potion of enlightenment {unknown}
 k - a potion of degeneration {unknown}
 l - a potion of lignification {unknown}
 p - 2 potions of mutation {unknown}


   Skills:
 + Level 5.3 Fighting
 - Level 1.3 Ranged Weapons
 + Level 3.9 Dodging
 + Level 3.2 Unarmed Combat
 - Level 1.2 Spellcasting
 - Level 2.6 Hexes
 - Level 0.8 Fire Magic


You had 2 spell levels left.
You knew the following spells:

 Your Spells              Type           Power      Damage    Failure   Level
a - Jinxbite              Hex            18%        N/A       12%         2
b - Ozocubu's Armour      Ice            0%         N/A       56%         3

Your spell library contained the following spells:

 Spells                   Type           Power      Damage    Failure   Level
 Sigil of Binding         Hex            9%         N/A       22%         3
 Inner Flame              Hex/Fire       6%         N/A       32%         3
 Cause Fear               Hex            4%         N/A       58%         4
 Dimensional Bullseye     Hex/Tloc       2%         N/A       78%         4
 Metabolic Englaciation   Hex/Ice        2%         N/A       98%         5
 Simulacrum               Ice/Necr       0%         N/A       100%        6


Dungeon Overview and Level Annotations

Branches:
Dungeon (5/15)
 Temple: D:4-7

Altars:
Yredelemnul

Shops:
D:4 *


Innate Abilities, Weirdness & Mutations

You are too large for most types of armour.
You have tough skin. (AC +1)


Message History

You shoot a sling bullet. The sling bullet hits the gnoll.
The gnoll is almost dead.
The gnoll hits you from afar with a +0 halberd!
The gnoll hits you with a +0 club. The gnoll barely misses you.
The gnoll hits you but does no damage.
The gnoll hits you from afar with a +0 halberd!
You shoot a sling bullet. The sling bullet hits the gnoll!
You kill the gnoll!
The gnoll hits you from afar with a +0 halberd!
The gnoll barely misses you.
Casting: Jinxbite (safe; 12% risk of failure)
Confirm with . or Enter, or press ? or * to list all spells.
You beckon some vexing sprites to accompany your attacks.
You feel your willpower being sapped.
You are too injured to fight recklessly!
You are too injured to fight recklessly!
Fire: a) +2 sling (heavy)
Press: ? - help, Q - select action, (/) - cycle Shift-Dir - straight line, f - gnoll
Aim: a gnoll, wielding a +0 halberd (chance to call a sprite on attack: 51%, 61% to hit)
You shoot a sling bullet.
The sling bullet closely misses the gnoll.
The gnoll hits you from afar with a +0 halberd!
* * * LOW HITPOINT WARNING * * *
The gnoll misses you.
Fire: a) +2 sling (heavy)
Press: ? - help, Q - select action, (/) - cycle Shift-Dir - straight line, f/p - gnoll
Aim: a gnoll, wielding a +0 halberd (chance to call a sprite on attack: 51%, 61% to hit)
You shoot a sling bullet. The sling bullet hits the gnoll.
The gnoll is heavily wounded.
The gnoll hits you from afar with a +0 halberd.
* * * LOW HITPOINT WARNING * * *
The gnoll hits you from afar with a +0 halberd.
* * * LOW HITPOINT WARNING * * *
Okay, then.
Blink to where?
Press: ? - help, Dir - move target, f - you, p - gnoll
Okay, then.
The gnoll attacks as it pursues you!
The gnoll hits you from afar with a +0 halberd!
You die...

###.#.#.#.#.#.#.#.##.#s# #.####
#......)..........#.#.# #.....
##.#.#.#.#.#.#.#.##.#g# ######
#.................#.#.# #
##.#.#.#.#.#.#.#.##.#.# #
........<........#.#.##########
#.#.#.#.#.#)#.#.#..>...........
#...###.##############.
#...g.@.# #. #######.###### #.
#......# #. ######.# #. #.# #.
#.# #. #.# ## #.# #.#


You could see a gnoll.

Vanquished Creatures
  A scorpion (D:5)
  2 hounds (D:5)
  An orc priest (D:4)
  A sleepcap (D:4)
  An iguana (D:5)
  6 gnolls
  6 adders
  3 dart slugs
  8 orcs
  3 endoplasms
  A giant cockroach (D:1)
  6 goblins
  9 hobgoblins
  2 jackals (D:2)
  3 quokkas
  8 ball pythons
  5 bats
  3 frilled lizards
  9 kobolds
  7 rats
85 creatures vanquished.

Notes
Turn   | Place    | Note
-------+----------+-------------------------------------------
     0 | D:1      | Shayle the Ogre Hexslinger began the quest for the Orb.
     0 | D:1      | Reached XP level 1. HP: 19/19 MP: 2/2
   180 | D:1      | Reached XP level 2. HP: 5/28 MP: 3/3
   182 | D:1      | Reached skill level 2 in Fighting
   182 | D:1      | Reached skill level 1 in Unarmed Combat
   185 | D:1      | Learned a level 2 spell: Jinxbite
   356 | D:1      | Found a faded altar of an unknown god.
   399 | D:1      | Reached XP level 3. HP: 34/36 MP: 4/4
  1118 | D:1      | Reached skill level 3 in Fighting
  1204 | D:1      | Reached XP level 4. HP: 33/45 MP: 5/5
  1382 | D:3      | Found a basalt altar of Yredelemnul.
  1532 | D:3      | Learned a level 3 spell: Ozocubu's Armour
  2115 | D:3      | Reached XP level 5. HP: 54/54 MP: 6/6
  2367 | D:4      | Found Pitwuhuc's Lightly-Used Armoury.
  2597 | D:4      | Reached skill level 4 in Fighting
  2671 | D:4      | HP: 1/54 [sleepcap (5)]
  2881 | D:5      | Entered Level 5 of the Dungeon
  2916 | D:5      | Reached XP level 6. HP: 50/63 MP: 5/7
  3144 | D:5      | Reached skill level 5 in Fighting
  3724 | D:4      | Slain by a gnoll

Illustrated notes

Levels and vault maps discovered:
D:1:      dpeg_arrival_lava_temple_mockup, layout_loops_ring,
          dreamdust_ecumenical_altar_hidden_monk_grotto
D:2:      layout_rooms
D:3:      layout_loops_corners, yredelemnul_altar_generic
D:4:      layout_loops_ring, minmay_shop_damaged, st_stairs_11
D:5:      layout_basic

Skill      XL: |  1  2  3  4  5  6 |
---------------+-------------------+-----
Dodging        | 2 3 |  3.9
Fighting       | 2 3 4 5 |  5.3
Unarmed Combat | 1 2 3 |  3.2
Ranged Weapons | |  1.3
Spellcasting   | |  1.2
Hexes          | |  2.6
Fire Magic     | |  0.8

Action                     |  1- 3 |  4- 6 || total
---------------------------+-------+-------++-------
   Fire: Sling             |   114 |   193 ||   307
   Cast: Jinxbite          |     1 |    13 ||    14
    Use: Potion            |     1 |     2 ||     3
         Scroll            |       |    10 ||    10
 Armour: Robe              |    84 |   178 ||   262
  Dodge: Dodged            |    65 |   125 ||   190

Table legend: (Time is in decaauts)
 A = Elapsed time spent in this place.
 B = Non-inter-level travel time spent in this place.
 C = Inter-level travel time spent in this place.
 D = Time resting spent in this place.
 E = Time spent auto-exploring this place.
 F = Levels seen in this place.
 G = Mean time per level.
                   A        B        C        D        E       F      G
               +--------+--------+--------+--------+--------+-----+--------+
         Total |   3855 |   3744 |    111 |    495 |   2268 |   5 |  771.0 |
       Dungeon |   3855 |   3744 |    111 |    495 |   2268 |   5 |  771.0 |
               +--------+--------+--------+--------+--------+-----+--------+

Top non-repeatable levels by time:
     D:1: 1126 daAuts
     D:4: 1022 daAuts
     D:3: 1017 daAuts
     D:5: 437 daAuts
     D:2: 251 daAuts
